 Dungeon Crawl Stone Soup version 0.27.1 (webtiles) character file.

Game seed: 11360748359960011084

120 Urokeeper the Sneak (level 4, -4/27 HPs)
             Began as a Vampire Brigand on Aug 31, 2021.
             Slain by a gnoll (6 damage)
             ... on level 5 of the Dungeon.
             The game lasted 00:12:04 (3444 turns).

Urokeeper the Sneak (Vampire Brigand)               Turns: 3444, Time: 00:12:04

Health: -4/27      AC:  0    Str:  4 (10) XL:     4   Next: 75%
Magic:  4/4        EV: 19    Int:  7 (13) God:
Gold:   117        SH:  0    Dex: 15 (21) Spells: 3/3 levels left

rFire    . . .     SeeInvis +   (weapon currently unavailable)
rCold    + + .     Faith    .   (shield currently unavailable)
rNeg     + + +     Spirit   .   (armour currently unavailable)
rPois    ∞         Reflect  .   (helmet currently unavailable)
rElec    .         Harm     .   (cloak currently unavailable)
rCorr    .         Rampage  .   (gloves currently unavailable)
Will     .....                  (boots currently unavailable)
Stlth    ++++++....             (no amulet)
HPRegen  0.00/turn              (ring currently unavailable)
MPRegen  0.09/turn              (ring currently unavailable)

@: bat-form, flying, bloodless, inhibited regen, very quick
A: fast, flying, no casting, bloodless, tiny, fangs 3, see invisible, vampiric 2
a: Revivify, End Transformation


You were on level 5 of the Dungeon.
You were a vampire bat.
You visited 1 branch of the dungeon, and saw 5 of its levels.

You collected 117 gold pieces.

Inventory:

Hand Weapons
 a - a +2 dagger (melded)
 n - a +2 spectral quarterstaff
 p - a +3 quarterstaff of chaos
 t - a +0 falchion
Missiles
 d - 7 poisoned darts (quivered)
 o - 114 stones
Armour
 b - a +0 robe
 h - a +1 robe of the Archmagi
 q - a +1 cloak (melded)
 r - a +0 ring mail (melded)
Scrolls
 c - a scroll of teleportation {unknown}
 f - a scroll of acquirement {unknown}
 g - a scroll of magic mapping {unknown}
 i - a scroll of noise {unknown}
 j - 3 scrolls of identify {unknown}
Potions
 e - 2 potions of degeneration {unknown}
 k - a potion of berserk rage {unknown}
 l - a potion of haste {unknown}
 m - 2 potions of heal wounds
 s - 2 potions of curing {unknown}


   Skills:
 + Level 2.4 Fighting
 + Level 3.2 Short Blades
 + Level 1.7 Throwing
 + Level 0.1 Armour
 + Level 2.0 Dodging
 + Level 7.5 Stealth


You had 3 spell levels left.
You didn't know any spells.
Your spell library was empty.

Dungeon Overview and Level Annotations

Branches:
Dungeon (6/15)
 Temple: D:4-7

Altars:
Cheibriados
Kikubaaqudgha
Makhleb
Okawaru

Annotations:
D:5 Menkaure, Pikel
D:6 Prince Ribbit


Innate Abilities, Weirdness & Mutations

You are a vampire bat.
You are tiny and dextrous.
You move quickly.
You are flying.
You are immune to poison.
Your equipment is almost entirely melded.
You are incapable of wielding weapons or throwing items.
You cannot cast spells.
You do not regenerate when monsters are visible.
You are frail without blood (-20% HP).
You can heal yourself when you bite living creatures.
You have razor-sharp teeth.
You have supernaturally acute eyesight. (SInv)
You are afflicted with vampirism and can become a bat while bloodless.


Message History

Found 9 gold pieces.
Found a stone staircase leading down.
A lemure comes into view.
The lemure moves out of view. 2 gnolls come into view.
Found a scroll labelled PAARAT CIPA and 10 gold pieces.
You see here 9 gold pieces.
You now have 117 gold pieces (gained 9).
You turn into a vampire bat.
Your +2 dagger melds into your body.
Your +1 cloak melds into your body.
Your +0 ring mail melds into your body.
You feel weakened.
You feel dopey.
You feel clumsy.
Pikel shouts!
You hear a shout! x4
There is a stone staircase leading down here.
Pikel zaps a wand.
The mass of ice explodes!
The iceblast engulfs you! You partially resist.
You hear a shout!
A necrophage comes into view.
A scorpion zombie comes into view.
Menkaure, Prince of Dust comes into view.
You reach down and open the door.
A goblin comes into view. It is wielding a +0 club.
Found 15 sling bullets.
There is an open door here.
You see here 15 sling bullets.
As you open the door, it creaks loudly!
The goblin shouts!
The goblin closely misses you.
You hear a shout!
There is an open door here.
The goblin misses you.
You reach down and open the door.
A goblin and 2 gnolls come into view.
The goblin misses you.
Pikel zaps a wand.
The mass of ice explodes!
The iceblast engulfs the goblin!
The goblin dies!
The iceblast engulfs you! You partially resist.
Ouch! That really hurt!
* * * LOW HITPOINT WARNING * * *
You hear a shout! x2; The gnoll shouts!
The goblin shouts!
You hear a shout! x4
An orc opens the door.
The gnoll hits you from afar with a +0 spear.
You die...

#........Z#####.##.#
#.#......Zn.........
#..####..#n##.....
#.. ####(.## #.P ...
#n.#. .... #K##o ##.
#+##..#'## #M
#.....)..####
+.#####.b...# #
#'##..# #g. .+ #g.#
# #..# ##+#


You could see Pikel, a gnoll, an orc and a goblin.

Vanquished Creatures
  Crazy Yiuf (D:2)
  An adder (D:3)
  4 worms
  7 ball pythons
  8 bats
  5 endoplasms
  2 giant cockroaches (D:1)
  8 goblins
  9 hobgoblins
  2 jackals (D:5)
  6 quokkas
  5 frilled lizards
  5 kobolds
  4 rats
67 creatures vanquished.

Vanquished Creatures (others)
  A goblin (D:5)
  25 plants (D:3)
26 creatures vanquished.

Grand Total: 93 creatures vanquished

Notes
Turn   | Place    | Note
-------+----------+-------------------------------------------
     0 | D:1      | Urokeeper the Vampire Brigand began the quest for the Orb.
     0 | D:1      | Reached XP level 1. HP: 16/16 MP: 1/1
   130 | D:1      | Reached skill level 6 in Stealth
   216 | D:1      | Reached XP level 2. HP: 20/22 MP: 2/2
   901 | D:1      | Gained mutation: You are afflicted with vampirism and can
                  | become a bat while bloodless. [Vampire growth]
   901 | D:1      | Reached XP level 3. HP: 27/27 MP: 3/3
  1439 | D:2      | Reached skill level 7 in Stealth
  1866 | D:2      | Found an ancient bone altar of Kikubaaqudgha.
  2209 | D:2      | Found a runed translucent door.
  2210 | D:2      | Noticed Crazy Yiuf
  2410 | D:2      | Killed Crazy Yiuf
  2411 | D:2      | Reached XP level 4. HP: 34/34 MP: 4/4
  2636 | D:3      | Found a snail-covered altar of Cheibriados.
  2640 | D:3      | Found a burning altar of Makhleb.
  2645 | D:3      | Found an iron altar of Okawaru.
  3127 | D:3      | You fall into a shaft and drop 3 floors!
  3127 | D:6      | Noticed Prince Ribbit
  3132 | D:6      | Noticed a bullfrog
  3139 | D:6      | Noticed a scorpion
  3161 | D:6      | Noticed a scorpion
  3287 | D:6      | Noticed a scorpion
  3312 | D:5      | Entered Level 5 of the Dungeon
  3315 | D:5      | Noticed a lemure
  3320 | D:5      | Noticed a lemure
  3372 | D:5      | Noticed Pikel
  3397 | D:5      | Noticed a lemure
  3397 | D:5      | Noticed a lemure
  3408 | D:5      | Noticed a necrophage
  3421 | D:5      | Noticed Menkaure
  3444 | D:5      | Slain by a gnoll

Illustrated notes

Levels and vault maps discovered:
D:1:      sevenhm_arrival_forest_fort_large_1, layout_loops_corners,
          serial_forest, infiniplex_forest_straight_3,
          infiniplex_forest_lined_room_, infiniplex_forest_split,
          infiniplex_forest_clump_medium, infiniplex_forest_lined_room_2,
          infiniplex_forest_lined_room_2, infiniplex_forest_clump_medium,
          infiniplex_forest_end_1, infiniplex_forest_straight_1,
          minmay_crystal_water, st_stairs_2
D:2:      layout_loops_ring, basic_altar, minmay_misc_feat_cross,
          uniq_crazy_yiuf_cottage
D:3:      layout_rooms, grunt_temple_overflow_diamond, serial_bayou_lagoon_a,
          corexii_leaking_fountain
D:5:      corexii_shantytown, layout_loops_ring, uniq_pikel, uniq_edmund,
          uniq_blork_the_orc, uniq_menkaure
D:6:      layout_basic, temple_doors_ab, eino_curves_03, roderic_malta_cross,
          kennysheep_boxes, uniq_prince_ribbit1

Skill      XL: |  1  2  3  4 |
---------------+-------------+-----
Stealth        | 6 7 |  7.5
Fighting       | 2 |  2.4
Short Blades   | 3 |  3.2
Dodging        | 2 |  2.0
Throwing       | |  1.7
Armour         | |  0.1

Action                   |  1- 3 |  4- 6 || total
-------------------------+-------+-------++-------
Melee: Dagger            |   147 |    66 ||   213
       Bite              |    14 |     4 ||    18
       Unarmed           |       |     1 ||     1
Throw: Dart              |     8 |     1 ||     9
 Abil: Bat Form          |       |     3 ||     3
       End Transformatio |       |     2 ||     2
       Exsanguinate      |       |     1 ||     1
  Use: Potion            |     1 |       ||     1
 Stab: Sleeping          |    14 |     5 ||    19
       Distracted        |       |     1 ||     1
Armor: Robe              |    33 |       ||    33
       Ring mail         |       |    31 ||    31
Dodge: Dodged            |    76 |    51 ||   127
